 Dungeon Crawl Stone Soup version 0.31.0-4-g52a2dc7128 (webtiles) character file.

Game seed: 13009612848475348331

200 groovy9 the Digger (level 5, -1/28 HPs)
             Began as a Gargoyle Earth Elementalist on Jan 21, 2024.
             Slain by a bullfrog (6 damage)
             ... in a sewer.
             The game lasted 00:08:50 (2942 turns).

groovy9 the Digger (Gargoyle Earth Elementalist)    Turns: 2942, Time: 00:08:51

Health: -1/28      AC:  9    Str: 12    XL:     5   Next: 79%
Magic:  5/11       EV: 11    Int: 20    God:
Gold:   183        SH:  5    Dex: 10    Spells: 8/12 levels left

rFire   . . .        g - +2 short sword (elec)
rCold   . . .        (no shield)
rNeg    + . .        q - +0 robe of Happiness {Will+ Int+3}
rPois   ∞            m - +0 helmet
rElec   +            (no cloak)
rCorr   .            i - +0 pair of gloves
SInv    .            l - +0 pair of boots
Will    +....        t - amulet of reflection
Stlth   +            (no ring)
HPRegen 0.24/turn    (no ring)
MPRegen 0.12/turn

%: reflection
@: very slow
A: sickness immunity, AC +4, negative energy resistance 1, electricity
resistance, torment resistance 1, petrification resistance
a: no special abilities


You were in a sewer.
You visited 1 branch of the dungeon, and saw 3 of its levels.
You also visited: Sewer.

You collected 183 gold pieces.

Inventory:

Hand Weapons
 g - a +2 short sword of electrocution (weapon)
Armour
 i - a +0 pair of gloves (worn)
 l - a +0 pair of boots (worn)
 m - a +0 helmet (worn)
 q - the +0 robe of Happiness (worn) {Will+ Int+3}
   (You found it on level 3 of the Dungeon)

   Int+3:     It affects your intelligence (+3).
   Will+:     It increases your willpower.
Magical Staves
 p - a staff of air
Jewellery
 t - an amulet of reflection (around neck)
Scrolls
 a - a scroll of fog {unknown}
 c - a scroll of blinking
 e - a scroll of noise {unknown}
 k - a scroll of poison {unknown}
 n - 2 scrolls of teleportation {unknown}
 s - a scroll of brand weapon {unknown}
 u - a scroll of enchant armour {unknown}
 v - a scroll of enchant weapon {unknown}
 w - a scroll of fear {unknown}
Potions
 b - a potion of magic
 d - a potion of haste {unknown}
 f - a potion of mutation {unknown}
 h - a potion of enlightenment {unknown}
 j - 2 potions of lignification {unknown}
 o - 2 potions of heal wounds {unknown}
 r - a potion of might {unknown}


   Skills:
 - Level 1.5 Dodging
 - Level 2.1 Stealth
 * Level 4.3 Spellcasting
 - Level 1.1 Conjurations
 + Level 5.5 Earth Magic


You had 8 spell levels left.
You knew the following spells:

 Your Spells              Type           Power      Damage    Failure   Level
a - Sandblast             Erth           52%        2d12      1%          1
b - Stone Arrow           Conj/Erth      34%        3d9       10%         3

Your spell library contained the following spells:

 Spells                   Type           Power      Damage    Failure   Level
 Passwall                 Erth           26%        N/A       3%          3
 Brom's Barrelling Bould  Conj/Erth      17%        2d4       32%         4
 Petrify                  Alch/Erth      15%        N/A       36%         4


Dungeon Overview and Level Annotations

Branches:
Dungeon (3/15)              Sewer (1/1)

Altars:
The Shining One


Innate Abilities, Weirdness & Mutations

You are immune to sickness and miasma.
Your stone body is resilient. (AC +4)
You are immune to poison.
You resist negative energy. (rN+)
You are resistant to electric shocks. (rElec)
You are resistant to unholy torment.
You are immune to petrification.


Message History

The ball python bites you but does no damage.
The ball python constricts you. The adder bites you but does no damage.
The bullfrog hits you!
* * * LOW HITPOINT WARNING * * *
Okay, then.
Blink to where?
Press: ? - help, Dir - move target, p - bullfrog You escape the ball python's grasp.
Splash!
As you read the scroll labelled ROREICWIZY, it crumbles to dust.
It was a scroll of blinking.
Okay, then.
Casting: Sandblast (safe; 1% risk of failure)
Confirm with . or Enter, or press ? or * to list all spells.
Aiming: Sandblast (safe; 1% risk of failure)
Press: ? - help, Shift-Dir - straight line, f - bullfrog
Aim: a bullfrog (water, moderately wounded, 79% to hit)
The blast of sand hits the bullfrog!
The bullfrog is severely wounded.
You block the bullfrog's attack.
Casting: Sandblast (safe; 1% risk of failure)
Confirm with . or Enter, or press ? or * to list all spells.
Aiming: Sandblast (safe; 1% risk of failure)
Press: ? - help, Shift-Dir - straight line, f/p - bullfrog
Aim: a bullfrog (severely wounded, 79% to hit)
The blast of sand misses the bullfrog.
The blast of sand hits the bullfrog!
The bullfrog is heavily wounded.
You block the bullfrog's attack.
The bullfrog hits you but does no damage.
The adder barely misses you. The bullfrog barely misses you.
Casting: Sandblast (safe; 1% risk of failure)
Confirm with . or Enter, or press ? or * to list all spells.
Aiming: Sandblast (safe; 1% risk of failure)
Press: ? - help, Shift-Dir - straight line, f/p - bullfrog
Aim: a bullfrog (severely wounded, 79% to hit)
The blast of sand hits the bullfrog!
You kill the bullfrog!
You block the bullfrog's attack. The adder barely misses you.
The bullfrog hits you.
You die...

####.........####
##...............##
#.......#.....†...#
##......##'##...†..##
#......###..##......#
#.....## #..###~~.~##
#≈~~†≈≈# #####~~~~≈~#
#≈≈~≈~≈# #≈~~~≈≈#
#≈~~†~~# #≈~@S≈≈#
#≈≈≈~~~# #≈FSS≈≈#
#≈≈~~~~# #≈≈~~≈≈#
##~..~≈# #≈≈l~≈≈#
#.~...≈# #≈≈≈≈~~#
##..~~≈# #≈≈l~.~#
#~~~~≈≈# #≈≈≈≈.~#
#~≈≈≈≈≈# #≈≈≈≈~~#
#≈~~~~≈# #≈~≈~≈~#


You could see a bullfrog, 2 adders, a ball python and 2 frilled lizards.

Vanquished Creatures
  A bullfrog (Sewer)
  8 adders
  4 river rats (Sewer)
  A ribbon worm (D:3)
  2 dart slugs
  An orc (D:3)
  10 bats
  7 endoplasms
  14 giant cockroaches
  3 goblins (D:1)
  4 hobgoblins
  3 quokkas
  7 ball pythons
  9 frilled lizards
  2 kobolds (D:2)
  17 rats
93 creatures vanquished.

Notes
Turn   | Place    | Note
-------+----------+-------------------------------------------
     0 | D:1      | groovy9 the Gargoyle Earth Elementalist began the quest for
                  | the Orb.
     0 | D:1      | Reached XP level 1. HP: 10/10 MP: 3/3
   241 | D:1      | Reached XP level 2. HP: 15/15 MP: 3/5
   303 | D:1      | Reached skill level 4 in Earth Magic
   922 | D:1      | Found a faded altar of an unknown god.
  1178 | D:2      | Reached XP level 3. HP: 19/19 MP: 4/6
  1301 | D:2      | Learned a level 3 spell: Stone Arrow
  1681 | D:2      | Reached XP level 4. HP: 24/24 MP: 1/8
  2144 | D:3      | Found a glowing golden altar of the Shining One.
  2358 | D:3      | Identified the +0 robe of Happiness {Will+ Int+3}
  2421 | D:3      | Found a glowing drain.
  2444 | D:3      | Reached skill level 5 in Earth Magic
  2455 | Sewer    | Entered a sewer
  2527 | Sewer    | Reached XP level 5. HP: 20/28 MP: 3/10
  2942 | Sewer    | Slain by a bullfrog

Illustrated notes

Levels and vault maps discovered:
D:1:      co_arrival_random_square_maze, layout_loops_ring,
          shapermc_ecumenical_altar_mp_ritualfount
D:2:      minmay_roachtagon, layout_basic
D:3:      cheibrodos_old_hovel, layout_loops_corners, tso_oasis_becter,
          gup_sewer_entry_glass
Sewer:    sewer_minmay_w

Skill      XL: |  1  2  3  4  5 |
---------------+----------------+-----
Earth Magic    | 4 5 |  5.5
Spellcasting   | 3 4 |  4.3
Dodging        | |  1.5
Stealth        | |  2.1
Conjurations   | |  1.1

Action                     |  1- 3 |  4- 6 || total
---------------------------+-------+-------++-------
  Melee: Unarmed           |     6 |       ||     6
         Dagger            |       |    17 ||    17
         Short sword       |       |     7 ||     7
   Cast: Sandblast         |    59 |    77 ||   136
    Use: Potion            |       |     1 ||     1
         Scroll            |       |     1 ||     1
 Armour: Robe              |    17 |    92 ||   109
  Dodge: Dodged            |    15 |    75 ||    90
  Block: Other             |       |     7 ||     7
